 Dungeon Crawl Stone Soup version 0.18.1-48-g4cf74bf (webtiles) character file.

220 juanjsm the Insei (level 5, 0/34 HPs)
             Began as an Octopode Transmuter on Aug 7, 2016.
             Was an Initiate of Okawaru.
             Slain by an orc
             ... wielding a +0 whip
              (2 damage)
             ... on level 4 of the Dungeon.
             The game lasted 00:13:33 (3858 turns).

juanjsm the Insei (Octopode Transmuter)             Turns: 3858, Time: 00:13:35

Health: 0/34       AC:  1    Str:  9    XL:     5   Next: 97%
Magic:  9/10       EV: 12    Int: 16    God:    Okawaru [......]
Gold:   185        SH:  0    Dex: 13    Spells: 2 memorised, 7 levels left

rFire  . . .     SeeInvis .       - Unarmed
rCold  . . .     Gourm    .     (no shield)
rNeg   + . .     Faith    .     (helmet restricted)
rPois  .         Spirit   .     (no amulet)
rElec  .         Dismiss  .     q - ring of positive energy
rCorr  .         Reflect  .     (no ring)
SustAt .         Harm     .     (no ring)
MR     .....                    (no ring)
Stlth  ++........               (no ring)
                                (no ring)
                                (no ring)
                                (no ring)

@: appendage, not resistant to hostile enchantments, unstealthy
A: almost no armour, amphibious, 8 rings, constrict 8, tentacle spike 3,
camouflage 1, gelatinous body 1
a: End Transformation, Renounce Religion


You were on level 4 of the Dungeon.
You worshipped Okawaru.
Okawaru was noncommittal.
You were not hungry.
One of your tentacles had a temporary spike.
You visited 1 branch of the dungeon, and saw 4 of its levels.

You collected 185 gold pieces.

Inventory:

Hand Weapons
 n - a +2 dagger of venom
Missiles
 a - 34 arrows
 e - 14 poisoned needles
Jewellery
 q - a ring of positive energy (left tentacle)
Scrolls
 f - a scroll of blinking {unknown}
 g - 7 scrolls of identify {unknown}
 i - a scroll of fog {unknown}
 j - a scroll of remove curse {unknown}
 k - a scroll of amnesia {unknown}
 l - 5 scrolls of teleportation {unknown}
 m - a scroll of enchant weapon {unknown}
 o - a scroll of recharging {unknown}
 r - a scroll of immolation {unknown}
 u - a scroll of magic mapping {unknown}
Potions
 t - 2 potions of haste
Books
 b - a book of Changes

   Spells                             Type                      Level
   a - Beastly Appendage              Transmutation                1
   b - Sticks to Snakes               Transmutation                2
   c - Spider Form                    Transmutation/Poison         3
   d - Ice Form                       Ice/Transmutation            4
   e - Blade Hands                    Transmutation                5
Comestibles
 c - 6 bread rations
 d - 3 meat rations


   Skills:
 - Level 1.9 Fighting
 - Level 2.4 Dodging
 - Level 3.7 Unarmed Combat
 - Level 3.5 Spellcasting
 * Level 3.7 Transmutations
 - Level 0.5 Poison Magic


You had 7 spell levels left.
You knew the following spells:

 Your Spells              Type           Power        Failure   Level  Hunger
a - Beastly Appendage     Trmt           ##....       4%          1    None
b - Spider Form           Trmt/Pois      #.........   21%         3    ###....


Dungeon Overview and Level Annotations

Branches:
Dungeon (4/15)
 Temple: D:4-7

Altars:
Ashenzari
Makhleb
Okawaru
Qazlal


Innate Abilities, Weirdness & Mutations

You cannot wear most types of armour.
You are amphibious.
You can wear up to eight rings at the same time.
You can use your tentacles to constrict eight enemies at once.
Your skin changes colour to match your surroundings (Stealth).
Your rubbery body absorbs attacks (AC +1).
One of your tentacles bears a large vicious spike.


Message History

You constrict the orc priest. The orc priest completely misses you.
You tentacle-slap the orc priest but do no damage.
You pierce the orc priest, but do no damage.
You squeeze the orc priest.
The orc priest is heavily wounded.
You constrict the orc priest.
The orc priest hits you but does no damage.
You tentacle-slap the orc priest but do no damage.
You squeeze the orc priest, but do no damage.
The orc priest is heavily wounded.
You constrict the orc priest.
The orc priest looks braver for a moment.
An orc comes into view. It is wielding a flail.
You tentacle-slap the orc priest.
The orc priest is severely wounded.
You constrict the orc priest, but do no damage.
The orc priest hits you with a whip.
* * * LOW HITPOINT WARNING * * *
The orc hits you with a whip.
You die...

#.#.# #(# #.#####.###
#.#.######.###.#####.#
#.#...........<...##.#
#....#####.###.##.##.#
#....#####.# #.# #.# #
#.......##.# #.. ..#
o.###..#.##.##.# #.#
...!...#.##.##.# #<#
......#...#@##.#
...!.......oo..#
....###>..#...o.# ....
#..######o# ... #.## #
..## ..# ..# ##


You could see an orc priest and 3 orcs.

Vanquished Creatures
  2 worker ants (D:4)
  7 adders
  3 oozes
  A dart slug (D:1)
  6 giant geckos
  5 orcs (D:3)
  4 giant cockroaches
  11 goblins
  10 hobgoblins
  8 jackals
  2 quokkas (D:3)
  A ball python (D:4)
  3 bats
  3 giant newts
  6 kobolds
  7 rats
79 creatures vanquished.

Notes
Turn   | Place    | Note
--------------------------------------------------------------
     0 | D:1      | juanjsm the Octopode Transmuter began the quest for the Orb.
     0 | D:1      | Reached XP level 1. HP: 13/13 MP: 3/3
   178 | D:1      | Reached XP level 2. HP: 15/18 MP: 3/5
   570 | D:1      | Reached XP level 3. HP: 18/23 MP: 4/6
   591 | D:1      | Learned a level 3 spell: Spider Form
  1323 | D:2      | Reached XP level 4. HP: 27/28 MP: 6/8
  1671 | D:2      | Found a shattered altar of Ashenzari.
  2047 | D:3      | Found an iron altar of Okawaru.
  2397 | D:3      | Reached XP level 5. HP: 7/34 MP: 7/9
  3023 | D:3      | Found a burning altar of Makhleb.
  3023 | D:3      | Found a stormy altar of Qazlal.
  3347 | D:3      | Became a worshipper of Warmaster Okawaru
  3383 | D:4      | Found a shattered altar of Ashenzari.
  3858 | D:4      | Slain by an orc

Skill      XL: |  1  2  3  4  5 |
---------------+----------------+-----
Spellcasting   | 3 |  3.5
Transmutations | 3 |  3.7
Fighting       | |  1.9
Dodging        | |  2.4
Unarmed Combat | |  3.7
Poison Magic   | |  0.5

Action                   |  1- 3 |  4- 6 || total
-------------------------+-------+-------++-------
Melee: Unarmed           |    75 |   130 ||   205
       Constrict         |    21 |    32 ||    53
       Kick              |    19 |    32 ||    51
       Tentacles         |    11 |    21 ||    32
       Punch             |     2 |     2 ||     4
 Cast: Beastly Appendage |    17 |    22 ||    39
  Use: Potion            |       |     6 ||     6
 Stab: Sleeping          |     6 |     6 ||    12
  Eat: Chunk             |     1 |     7 ||     8
       Beef jerky        |       |     1 ||     1
Armor: Skin              |     6 |     6 ||    12
Dodge: Dodged            |    35 |    78 ||   113
